TOP OF THE 1ST |
Gwinnett Braves batting - Pitching for Louisville Bats : RHP Roberto Cortez
|
Pitching: RHP Roberto Cortez
|
|
Batting: RHB Edgar Castillo
|
0-0: Swinging Strike 0-1: Foul Ball, location: 2F 0-2: Strikes out swinging
|
Batting: RHB Alex Munoz
|
0-0: Ball 1-0: Ground out 5-3 (Groundball, 5, EV 86.9 MPH)
|
Batting: LHB Chris Locklear
|
0-0: Ball 1-0: Ball 2-0: Foul Ball, location: 2F 2-1: Ball 3-1: Base on Balls
|
Batting: SHB Bob Morales
|
0-0: Called Strike Chris Locklear steals 2nd base 0-1: Foul Ball, location: 2F 0-2: Ball 1-2: Strikes out swinging
|
Top of the 1st over - 0 runs, 0 hits, 0 errors, 1 left on base; Gwinnett 0 - Louisville 0 |
BOTTOM OF THE 1ST |
Louisville Bats batting - Pitching for Gwinnett Braves : RHP Adam Reynolds
|
Pitching: RHP Adam Reynolds
|
|
Batting: RHB Ryan Short
|
0-0: Foul Ball, location: 2F 0-1: Swinging Strike 0-2: Ball 1-2: Ball 2-2: Foul Ball, location: 2F 2-2: Strikes out swinging
|
Batting: RHB Danny Real
|
0-0: Called Strike 0-1: Ball 1-1: Called Strike 1-2: SINGLE (Flyball, 3D, EV 84.4 MPH)
|
Batting: RHB Bruno André
|
0-0: Called Strike 0-1: Called Strike Danny Real steals 2nd base (no throw) 0-2: Strikes out looking
|
Batting: SHB Freddie Farrar
|
0-0: Called Strike 0-1: Ball 1-1: Ball 2-1: Swinging Strike 2-2: Ball 3-2: Strikes out looking
|
Bottom of the 1st over - 0 runs, 1 hit, 0 errors, 1 left on base; Gwinnett 0 - Louisville 0 |
TOP OF THE 2ND |
Gwinnett Braves batting - Pitching for Louisville Bats : RHP Roberto Cortez
|
Batting: RHB John Peterson
|
0-0: Ball 1-0: Fly out, F4 (Popup, 4MD, EV 47.5 MPH)
|
Batting: RHB Dave Nickerson
|
0-0: Ball 1-0: Ball 2-0: Swinging Strike 2-1: Ball 3-1: Ground out 6-3 (Groundball, 6, EV 86.9 MPH)
|
Batting: RHB Ivan Ramirez
|
0-0: Ball 1-0: Called Strike 1-1: Called Strike 1-2: Foul Ball, location: 2F 1-2: Fly out, F7 (Line Drive, 7S, EV 99.4 MPH)
|
Top of the 2nd over - 0 runs, 0 hits, 0 errors, 0 left on base; Gwinnett 0 - Louisville 0 |
BOTTOM OF THE 2ND |
Louisville Bats batting - Pitching for Gwinnett Braves : RHP Adam Reynolds
|
Batting: RHB Won-jun Park
|
0-0: Ground out 6-3 (Groundball, 6, EV 100.6 MPH)
|
Batting: LHB Satoru Handa
|
0-0: Ball 1-0: Ball 2-0: SINGLE (Line Drive, 56, EV 104.4 MPH)
|
Batting: SHB Paul Sandoval
|
0-0: Fielders Choice at 2nd, 4-6 (Groundball, 4, EV 91.9 MPH)
|
Batting: RHB Colin Lord
|
0-0: Ball 1-0: Foul Ball, location: 2F 1-1: Swinging Strike 1-2: Foul Ball, location: 2F 1-2: Ground out 1-3 (Groundball, 15S, EV 66.9 MPH)
|
Bottom of the 2nd over - 0 runs, 1 hit, 0 errors, 1 left on base; Gwinnett 0 - Louisville 0 |
TOP OF THE 3RD |
Gwinnett Braves batting - Pitching for Louisville Bats : RHP Roberto Cortez
|
Batting: RHB Riley Nasiir
|
0-0: Called Strike 0-1: Called Strike 0-2: SINGLE (Groundball, 56S, EV 66.2 MPH) (infield hit)
|
Pinch Runner at 1st Mark Buchholz:
|
|
Batting: RHB Mike Manchester
|
0-0: Foul Ball, location: 2F 0-1: Ball 1-1: Foul Ball, location: 2F 1-2: Strikes out swinging
|
Batting: RHB Edgar Castillo
|
0-0: Ball 1-0: Ball 2-0: Foul Ball, location: 2F 2-1: Foul Ball, location: 2F 2-2: Foul Ball, location: 2F 2-2: Ball 3-2: Foul Ball, location: 2F 3-2: Strikes out swinging
|
Batting: RHB Alex Munoz
|
0-0: Called Strike Mark Buchholz steals 2nd base 0-1: Ball 1-1: Ground out 5-3 (Groundball, 56S, EV 66.2 MPH)
|
Top of the 3rd over - 0 runs, 1 hit, 0 errors, 1 left on base; Gwinnett 0 - Louisville 0 |
BOTTOM OF THE 3RD |
Louisville Bats batting - Pitching for Gwinnett Braves : RHP Adam Reynolds
|
Now at 3B: Mark Buchholz
|
|
Now at SS: Mike Manchester
|
|
Batting: RHB Jay Jacobson
|
0-0: Called Strike 0-1: SINGLE (Flyball, 4D, EV 86.2 MPH)
|
Batting: RHB Ryan Short
|
0-0: Foul Ball, location: 2F 0-1: Foul Ball, location: 2F 0-2: SINGLE (Groundball, 5S, EV 65.6 MPH) (infield hit) Jay Jacobson to second
|
Batting: RHB Danny Real
|
0-0: Fielders Choice at 2nd, 6-4 (Groundball, 56, EV 101.2 MPH) Jay Jacobson to third
|
Batting: RHB Bruno André
|
0-0: Called Strike Danny Real steals 2nd base 0-1: Ball 1-1: Called Strike 1-2: Ball 2-2: Foul Ball, location: 2F 2-2: Foul Ball, location: 2F 2-2: Strikes out swinging
|
Batting: SHB Freddie Farrar
|
0-0: Ball 1-0: Foul Ball, location: 2F 1-1: Swinging Strike 1-2: Ball 2-2: Strikes out swinging
|
Bottom of the 3rd over - 0 runs, 2 hits, 0 errors, 2 left on base; Gwinnett 0 - Louisville 0 |
TOP OF THE 4TH |
Gwinnett Braves batting - Pitching for Louisville Bats : RHP Roberto Cortez
|
Batting: LHB Chris Locklear
|
0-0: Ball 1-0: Ball 2-0: Fly out, F7 (Flyball, 7LMF, EV 92.5 MPH)
|
Batting: SHB Bob Morales
|
0-0: Ball 1-0: Swinging Strike 1-1: Ball 2-1: Foul Ball, location: 2F 2-2: Fly out, F8 (Flyball, 89M, EV 91.9 MPH)
|
Batting: RHB John Peterson
|
0-0: Called Strike 0-1: Foul Ball, location: 2F 0-2: Ball 1-2: Ground out 6-3 (Groundball, 6, EV 103.8 MPH)
|
Top of the 4th over - 0 runs, 0 hits, 0 errors, 0 left on base; Gwinnett 0 - Louisville 0 |
BOTTOM OF THE 4TH |
Louisville Bats batting - Pitching for Gwinnett Braves : RHP Adam Reynolds
|
Batting: RHB Won-jun Park
|
0-0: Foul Ball, location: 2F 0-1: Ball 1-1: Swinging Strike 1-2: Foul Ball, location: 2F 1-2: Strikes out swinging
|
Batting: LHB Satoru Handa
|
0-0: Called Strike 0-1: Ground out 4-3 (Groundball, 4S, EV 83.8 MPH)
|
Batting: SHB Paul Sandoval
|
0-0: Ground out 4-3 (Groundball, 34, EV 83.1 MPH)
|
Bottom of the 4th over - 0 runs, 0 hits, 0 errors, 0 left on base; Gwinnett 0 - Louisville 0 |
TOP OF THE 5TH |
Gwinnett Braves batting - Pitching for Louisville Bats : RHP Roberto Cortez
|
Batting: RHB Dave Nickerson
|
0-0: Ball 1-0: Ball 2-0: Ground out 6-3 (Groundball, 6, EV 106.2 MPH)
|
Batting: RHB Ivan Ramirez
|
0-0: Called Strike 0-1: SOLO HOME RUN (Flyball, 7D, EV 95.0 MPH), Distance : 378 ft
|
Batting: LHB Mark Buchholz
|
0-0: Swinging Strike 0-1: Called Strike 0-2: Strikes out swinging
|
Batting: RHB Mike Manchester
|
0-0: Called Strike 0-1: Ball 1-1: Swinging Strike 1-2: Reached on error, E6 (Groundball, 6, EV 100.6 MPH)
|
Batting: RHB Edgar Castillo
|
0-0: Ball Mike Manchester steals 2nd base 1-0: Called Strike 1-1: Ball 2-1: DOUBLE (Flyball, 8LXD, EV 98.1 MPH) Mike Manchester scores
|
Batting: RHB Alex Munoz
|
0-0: Called Strike 0-1: Ball 1-1: Ball 2-1: Called Strike 2-2: DOUBLE (Groundball, 5L, EV 102.5 MPH) Edgar Castillo scores
|
Batting: LHB Chris Locklear
|
0-0: Ground out 4-3 (Groundball, 4, EV 79.4 MPH)
|
Top of the 5th over - 3 runs, 3 hits, 1 error, 1 left on base; Gwinnett 3 - Louisville 0 |
BOTTOM OF THE 5TH |
Louisville Bats batting - Pitching for Gwinnett Braves : RHP Adam Reynolds
|
Batting: RHB Colin Lord
|
0-0: Fly out, F8 (Flyball, 8RD, EV 91.2 MPH)
|
Batting: RHB Jay Jacobson
|
0-0: Ball 1-0: Ball 2-0: Ball 3-0: Called Strike 3-1: Called Strike 3-2: Strikes out swinging
|
Batting: RHB Ryan Short
|
0-0: Ball 1-0: Ground out 6-3 (Groundball, 6, EV 86.9 MPH)
|
Bottom of the 5th over - 0 runs, 0 hits, 0 errors, 0 left on base; Gwinnett 3 - Louisville 0 |
TOP OF THE 6TH |
Gwinnett Braves batting - Pitching for Louisville Bats : RHP Roberto Cortez
|
Batting: SHB Bob Morales
|
0-0: Swinging Strike 0-1: Ball 1-1: Swinging Strike 1-2: Strikes out swinging
|
Batting: RHB John Peterson
|
0-0: Called Strike 0-1: Ball 1-1: Called Strike 1-2: Ball 2-2: Foul Ball, location: 2F 2-2: Ball 3-2: Strikes out swinging
|
Batting: RHB Dave Nickerson
|
0-0: Called Strike 0-1: Swinging Strike 0-2: Ball 1-2: Ball 2-2: Ball 3-2: Base on Balls
|
Pitching: RHP Vladislav Prochazka
|
|
Batting: RHB Ivan Ramirez
|
0-0: SINGLE (Groundball, 56D, EV 108.8 MPH) Dave Nickerson to second
|
Batting: LHB Mark Buchholz
|
0-0: Ball 1-0: Foul Ball, location: 2F 1-1: Called Strike 1-2: Ball 2-2: Fly out, F8 (Flyball, 78M, EV 92.5 MPH)
|
Top of the 6th over - 0 runs, 1 hit, 0 errors, 2 left on base; Gwinnett 3 - Louisville 0 |
BOTTOM OF THE 6TH |
Louisville Bats batting - Pitching for Gwinnett Braves : RHP Adam Reynolds
|
Batting: RHB Danny Real
|
0-0: Ball 1-0: Called Strike 1-1: Foul Ball, location: 2F 1-2: Strikes out swinging
|
Batting: RHB Bruno André
|
0-0: Called Strike 0-1: Ball 1-1: Called Strike 1-2: Strikes out swinging
|
Batting: SHB Freddie Farrar
|
0-0: Called Strike 0-1: Called Strike 0-2: Foul Ball, location: 2F 0-2: Ball 1-2: Strikes out swinging
|
Bottom of the 6th over - 0 runs, 0 hits, 0 errors, 0 left on base; Gwinnett 3 - Louisville 0 |
TOP OF THE 7TH |
Gwinnett Braves batting - Pitching for Louisville Bats : RHP Vladislav Prochazka
|
Batting: RHB Mike Manchester
|
0-0: Called Strike 0-1: Ground out 6-3 (Groundball, 6, EV 91.9 MPH)
|
Batting: RHB Edgar Castillo
|
0-0: Ball 1-0: Ground out 6-3 (Groundball, 6, EV 84.4 MPH)
|
Batting: RHB Alex Munoz
|
0-0: Ball 1-0: Fly out, F9 (Flyball, 89D, EV 96.2 MPH)
|
Top of the 7th over - 0 runs, 0 hits, 0 errors, 0 left on base; Gwinnett 3 - Louisville 0 |
BOTTOM OF THE 7TH |
Louisville Bats batting - Pitching for Gwinnett Braves : RHP Adam Reynolds
|
Batting: RHB Won-jun Park
|
0-0: Called Strike 0-1: Fly out, F5 (Popup, 5SF, EV 88.1 MPH)
|
Batting: LHB Satoru Handa
|
0-0: Called Strike 0-1: Ball 1-1: Ball 2-1: Ball 3-1: Foul Ball, location: 2F 3-2: Strikes out swinging
|
Batting: SHB Paul Sandoval
|
0-0: Foul Ball, location: 2F 0-1: Ball 1-1: Ground out 5-3 (Groundball, 56, EV 90.6 MPH)
|
Bottom of the 7th over - 0 runs, 0 hits, 0 errors, 0 left on base; Gwinnett 3 - Louisville 0 |
TOP OF THE 8TH |
Gwinnett Braves batting - Pitching for Louisville Bats : RHP Vladislav Prochazka
|
Batting: LHB Chris Locklear
|
0-0: Called Strike 0-1: Foul Ball, location: 2F 0-2: SINGLE (Flyball, 6D, EV 89.4 MPH)
|
Batting: SHB Bob Morales
|
0-0: Fly out, F8 (Flyball, 8LXD, EV 90.0 MPH)
|
Batting: RHB John Peterson
|
0-0: Ball 1-0: Foul Ball, location: 2F 1-1: Foul Ball, location: 2F 1-2: Ball 2-2: Ball 3-2: Fly out, F7 (Flyball, 78M, EV 94.4 MPH)
|
Batting: RHB Dave Nickerson
|
0-0: Ball 1-0: Ball 2-0: Ball 3-0: Base on Balls Chris Locklear to second
|
Batting: RHB Ivan Ramirez
|
0-0: Swinging Strike 0-1: Ball 1-1: SINGLE (Groundball, 56D, EV 108.1 MPH) Chris Locklear to third Dave Nickerson to second Runner from 3rd tries for Home, SAFE, throw by LF to home
|
Pitching: RHP Dave Kurtz
|
|
Batting: LHB Mark Buchholz
|
0-0: Fielders Choice at 2nd, 5-4 (Groundball, 5, EV 81.9 MPH)
|
Top of the 8th over - 1 run, 2 hits, 0 errors, 2 left on base; Gwinnett 4 - Louisville 0 |
BOTTOM OF THE 8TH |
Louisville Bats batting - Pitching for Gwinnett Braves : RHP Adam Reynolds
|
Batting: RHB Colin Lord
|
0-0: Swinging Strike 0-1: Foul Ball, location: 2F 0-2: Ball 1-2: Strikes out swinging
|
Batting: RHB Jay Jacobson
|
0-0: Ball 1-0: Foul Ball, location: 2F 1-1: Foul Ball, location: 2F 1-2: Ball 2-2: SINGLE (Groundball, 56D, EV 103.8 MPH)
|
Batting: RHB Ryan Short
|
0-0: Called Strike 0-1: Foul Ball, location: 2F 0-2: Foul Ball, location: 2F 0-2: Ball 1-2: Ball 2-2: Foul Ball, location: 2F 2-2: Strikes out swinging
|
Batting: RHB Danny Real
|
0-0: Called Strike 0-1: Ball 1-1: Swinging Strike 1-2: DOUBLE (Flyball, 8RXD, EV 91.9 MPH) Jay Jacobson to third
|
Batting: RHB Bruno André
|
0-0: Called Strike 0-1: Ball 1-1: Hit by Pitch
|
Pitching: RHP Larry Stegall
|
|
Batting: SHB Freddie Farrar
|
0-0: Ball 1-0: Foul Ball, location: 2F 1-1: Ball 2-1: Ground out U3 (Groundball, 3L, EV 88.1 MPH)
|
Bottom of the 8th over - 0 runs, 2 hits, 0 errors, 3 left on base; Gwinnett 4 - Louisville 0 |
TOP OF THE 9TH |
Gwinnett Braves batting - Pitching for Louisville Bats : RHP Dave Kurtz
|
Batting: RHB Mike Manchester
|
0-0: Ball 1-0: SOLO HOME RUN (Flyball, 7D, EV 99.4 MPH), Distance : 373 ft
|
Batting: RHB Edgar Castillo
|
0-0: Ball 1-0: Foul Ball, location: 2F 1-1: Ball 2-1: Foul Ball, location: 2F 2-2: Foul Ball, location: 2F 2-2: Ground out 5-3 (Groundball, 56, EV 83.8 MPH)
|
Batting: RHB Alex Munoz
|
0-0: Foul Ball, location: 2F 0-1: Ball 1-1: Foul Ball, location: 2F 1-2: Foul Ball, location: 2F 1-2: Ball 2-2: Foul Ball, location: 2F 2-2: Fly out, F8 (Flyball, 8LXD, EV 94.4 MPH)
|
Batting: LHB Chris Locklear
|
0-0: Ball 1-0: Called Strike 1-1: Ball 2-1: Fly out, F8 (Flyball, 8LM, EV 90.6 MPH)
|
Top of the 9th over - 1 run, 1 hit, 0 errors, 0 left on base; Gwinnett 5 - Louisville 0 |
BOTTOM OF THE 9TH |
Louisville Bats batting - Pitching for Gwinnett Braves : RHP Larry Stegall
|
Batting: RHB Won-jun Park
|
0-0: Foul Ball, location: 2F 0-1: Ball 1-1: Ground out 6-3 (Groundball, 6, EV 81.9 MPH)
|
Batting: LHB Satoru Handa
|
0-0: Ball 1-0: Foul Ball, location: 2F 1-1: Called Strike 1-2: Ball 2-2: SINGLE (Groundball, 4MD, EV 101.9 MPH)
|
Batting: SHB Paul Sandoval
|
0-0: Foul Ball, location: 2F 0-1: Ball 1-1: Fly out, F7 (Flyball, 7LD, EV 95.6 MPH)
|
Batting: RHB Colin Lord
|
0-0: Foul Ball, location: 2F 0-1: Ball 1-1: Swinging Strike 1-2: Ball 2-2: Strikes out swinging
|
Bottom of the 9th over - 0 runs, 1 hit, 0 errors, 1 left on base; Gwinnett 5 - Louisville 0 |
|